 Dungeon Crawl Stone Soup version 0.25.1-2-g60ff931df9 (webtiles) character file.

Game seed: 15480845314083904680

188 Arcadio the Magician (level 5, 0/28 HPs)
             Began as a Deep Elf Wizard on Nov 20, 2020.
             Killed from afar by Blork the orc (11 damage)
             ... with a puff of flame
             ... on level 4 of the Dungeon.
             The game lasted 00:18:57 (3525 turns).

Arcadio the Magician (Deep Elf Wizard)              Turns: 3525, Time: 00:18:57

Health: 0/28       AC:  3    Str:  4    XL:     5   Next: 39%
Magic:  11/15      EV: 13    Int: 24    God:
Gold:   174        SH:  0    Dex: 13    Spells: 3/16 levels left

rFire    . . .     SeeInvis .   h - +1 dagger (drain)
rCold    . . .     Gourm    .   (no shield)
rNeg     . . .     Faith    .   i - +0 robe
rPois    .         Spirit   .   b - +0 hat
rElec    .         Reflect  .   (no cloak)
rCorr    .         Harm     .   t - +0 pair of gloves
MR       .....                  (no boots)
Stlth    ++........             (no amulet)
HPRegen  0.09/turn              (no ring)
MPRegen  0.14/turn              (no ring)

@: about to teleport
A: no striking features
a: no special abilities


You were on level 4 of the Dungeon.
You were not hungry.

You visited 1 branch of the dungeon, and saw 5 of its levels.

You collected 174 gold pieces.

Inventory:

Hand Weapons
 e - a +0 club
 h - a +1 dagger of draining (weapon)
 k - a +2 short sword of draining
 s - a +3 hand axe of electrocution
 z - a +0 quarterstaff
Armour
 a - a +0 robe
 b - a +0 hat (worn)
 f - a +4 scale mail of cold resistance
 i - a +0 robe (worn)
 t - a +0 pair of gloves (worn)
Wands
 l - a wand of flame (12)
 r - a wand of acid (4)
 w - a wand of iceblast (10)
Scrolls
 g - 2 scrolls of immolation
 m - a scroll of teleportation
 n - a scroll of amnesia {unknown}
 p - a scroll of magic mapping {unknown}
 q - a scroll of remove curse
 u - a scroll of enchant armour {unknown}
Potions
 j - a potion of lignification
 o - 2 potions of heal wounds
 v - a potion of ambrosia
 x - a potion of invisibility {unknown}
Comestibles
 d - 8 rations


   Skills:
 + Level 0.2 Fighting
 + Level 0.8 Short Blades
 + Level 3.0 Dodging
 + Level 3.5 Stealth
 + Level 6.4 Spellcasting
 + Level 3.0 Conjurations
 + Level 1.2 Summonings
 + Level 1.1 Translocations


You had 3 spell levels left.
You knew the following spells:

 Your Spells              Type           Power        Failure   Level  Hunger
a - Magic Dart            Conj           ###.         2%          1    None
b - Blink                 Tloc           N/A          7%          2    None
c - Call Imp              Summ           ##......     7%          2    None
d - Slow                  Hex            #.......     12%         2    None
e - Conjure Flame         Conj/Fire      ##......     12%         3    None
f - Mephitic Cloud        Conj/Pois/Air  ##......     16%         3    None

Your spell library contained the following spells:

 Spells                   Type           Power        Failure   Level  Hunger


Dungeon Overview and Level Annotations

Branches:
Dungeon (5/15)
 Temple: D:4-7

Altars:
Cheibriados
Elyvilon
Hepliaklqana
Makhleb
Xom

Annotations:
D:4 Blork the orc


Message History

Casting: Blink (safe; 7% risk of failure)
Confirm with . or Enter, or press ? or * to list all spells.
You blink.
The orc wizard gestures at you while chanting.
The magic dart hits you.
Found a whip.
The orc priest hits the orc with a +0 whip.
The orc wizard casts a spell at you. The magic dart hits you!
Your magical contamination has completely faded away.
Found an escape hatch in the ceiling.
Blork the orc comes into view.
He is wielding a +0 halberd of protection.
Blork the orc shouts!
Blork the orc moves out of view.
A worker ant comes into view.
As you read the scroll of teleportation, it crumbles to dust.
You feel strangely unstable. Blork the orc casts a spell at you.
The puff of flame hits you!
You die...

...###.... #..
>......... #..
.#.###.#.# #..
#.#.# #.a##
.###.#.# .o.##
.......... ...
.......### #.#
#.###.# #@#
#.....## #.# #...##
#.# ######..... #.#
[........##
##.###########..##
#........<###..§###
#.o######.#≈≈...≈≈#
#..# #.#≈..♣..≈#
#####..###
#..........


You could see Blork the orc, a worker ant (wandering) and an orc wizard.

Vanquished Creatures
  2 worker ants
  3 adders (D:3)
  An ooze (D:2)
  A worm (D:2)
  A dart slug (D:1)
  3 leopard geckos
  3 orcs (D:2)
  9 bats
  4 giant cockroaches
  8 goblins
  10 hobgoblins
  4 jackals (D:3)
  6 kobolds
  4 quokkas
  6 frilled lizards
  4 rats
69 creatures vanquished.

Vanquished Creatures (collateral kills)
  An iguana (D:4)
  An orc (D:2)
  A goblin (D:3)
  2 hobgoblins (D:3)
  A rat (D:3)
6 creatures vanquished.

Vanquished Creatures (others)
  A quokka (D:4)
1 creature vanquished.

Grand Total: 76 creatures vanquished

Notes
Turn   | Place    | Note
-------+----------+-------------------------------------------
     0 | D:1      | Arcadio the Deep Elf Wizard began the quest for the Orb.
     0 | D:1      | Reached XP level 1. HP: 10/10 MP: 7/7
   239 | D:1      | Reached XP level 2. HP: 15/15 MP: 7/9
   362 | D:1      | Reached skill level 5 in Spellcasting
   933 | D:1      | Reached XP level 3. HP: 19/19 MP: 6/11
  1039 | D:2      | Found a snail-covered altar of Cheibriados.
  1164 | D:2      | Found a faded altar of an unknown god.
  1647 | D:2      | Reached XP level 4. HP: 22/24 MP: 13/13
  1687 | D:2      | Learned a level 2 spell: Blink
  1690 | D:2      | Learned a level 2 spell: Call Imp
  1693 | D:2      | Learned a level 2 spell: Slow
  1697 | D:2      | Learned a level 3 spell: Conjure Flame
  1701 | D:2      | Learned a level 3 spell: Mephitic Cloud
  2334 | D:3      | Found a hazy altar of Hepliaklqana.
  2355 | D:3      | You fall into a shaft and drop 2 floors!
  2355 | D:5      | Entered Level 5 of the Dungeon
  2381 | D:4      | Reached skill level 6 in Spellcasting
  2720 | D:3      | Reached XP level 5. HP: 28/28 MP: 9/15
  2968 | D:3      | Found a burning altar of Makhleb.
  2968 | D:3      | Noticed a balrug
  2971 | D:3      | Noticed a smoke demon
  2971 | D:3      | Noticed a ynoxinul
  2999 | D:3      | Found a shimmering altar of Xom.
  3486 | D:4      | Found a white marble altar of Elyvilon.
  3522 | D:4      | Noticed Blork the orc
  3525 | D:4      | Killed from afar by Blork the orc

Illustrated notes

Levels and vault maps discovered:
D:1:      dpeg_arrival_simpleton_b, layout_loops_ring, kennysheep_boxes
D:2:      layout_rooms, nicolae_overflow_hidden_temple,
          chequers_ecumenical_altar_simple
D:3:      minmay_octagon_keep, layout_basic, lemuel_round_altar,
          nicolae_overflow_crystal_walls, serial_glass, glass_columns_a,
          glass_columns_a, glass_columns_b, glass_columns_b, glass_columns_a,
          glass_columns_a, glass_columns_a, glass_columns_a,
          makhleb_altar_promises_db
D:4:      layout_loops_ring, elyvilon_altar_4, first_ration, uniq_blork_the_orc,
          uniq_duvessa
D:5:      layout_basic, kennysheep_mini_moat,
          minmay_temple_entry_statues_pillars, hangedman_decor_diamond_cutter

Skill      XL: |  1  2  3  4  5 |
---------------+----------------+-----
Spellcasting   | 5 6 |  6.4
Stealth        | 3 |  3.5
Conjurations   | 2 3 |  3.0
Dodging        | 3 |  3.0
Fighting       | |  0.2
Short Blades   | |  0.8
Summonings     | |  1.2
Translocations | |  1.1

Action                   |  1- 3 |  4- 6 || total
-------------------------+-------+-------++-------
Melee: Dagger            |    51 |    56 ||   107
 Cast: Magic Dart        |    59 |    50 ||   109
       Call Imp          |       |     6 ||     6
       Blink             |       |     4 ||     4
       Conjure Flame     |       |     1 ||     1
       Mephitic Cloud    |       |     2 ||     2
  Use: Scroll            |     4 |     4 ||     8
       Potion            |     2 |     1 ||     3
 Stab: Sleeping          |     3 |       ||     3
  Eat: Chunk             |     2 |     6 ||     8
Armor: Robe              |     9 |     6 ||    15
Dodge: Dodged            |    40 |    54 ||    94
